| TOP OF THE 1ST |
|
Managua Lagoon Monsters batting - Pitching for Santa Domingo Colonials : RHP Gregorio Soto
|
|
Pitching: RHP Gregorio Soto
|
|
|
Batting: LHB John Elway
|
0-0: Ball 1-0: Ball 2-0: Called Strike 2-1: Foul Ball, location: 2F 2-2: Foul Ball, location: 2F 2-2: Ball 3-2: Fly out, F8 (Flyball, 8RXD, EV 93.8 MPH)
|
|
Batting: RHB Ivan Calderon
|
0-0: Foul Ball, location: 2F 0-1: Ball 1-1: Ball 2-1: Foul Ball, location: 2F 2-2: Fly out, F9 (Line Drive, 9, EV 88.1 MPH)
|
|
Batting: LHB Tom Lombarski
|
0-0: Ball 1-0: Foul Ball, location: 2F 1-1: Fly out, F9 (Flyball, 9, EV 83.1 MPH)
|
| Top of the 1st over - 0 runs, 0 hits, 0 errors, 0 left on base; Managua 0 - Santa Domingo 0 |
| BOTTOM OF THE 1ST |
|
Santa Domingo Colonials batting - Pitching for Managua Lagoon Monsters : LHP Gil Maldonado
|
|
Pitching: LHP Gil Maldonado
|
|
|
Batting: SHB Curt Bryan
|
0-0: Ball 1-0: Swinging Strike 1-1: Ball 2-1: Ground out 3-1 (Groundball, 34S, EV 90.6 MPH)
|
|
Batting: SHB Bip Roberts
|
0-0: Called Strike 0-1: Swinging Strike 0-2: Foul Ball, location: 2F 0-2: Ball 1-2: Ball 2-2: Fly out, F6 (Flyball, 56D, EV 88.1 MPH)
|
|
Batting: LHB Mike Stenhouse
|
0-0: Ball 1-0: Foul Ball, location: 2F 1-1: Fly out, F3 (Line Drive, 3, EV 67.5 MPH)
|
| Bottom of the 1st over - 0 runs, 0 hits, 0 errors, 0 left on base; Managua 0 - Santa Domingo 0 |
| TOP OF THE 2ND |
|
Managua Lagoon Monsters batting - Pitching for Santa Domingo Colonials : RHP Gregorio Soto
|
|
Batting: LHB Willie Gonzalez
|
0-0: Ball 1-0: Ball 2-0: Ball 3-0: Called Strike 3-1: Foul Ball, location: 2F 3-2: Fly out, F8 (Flyball, 8RM, EV 86.9 MPH)
|
|
Batting: RHB Randy Ready
|
0-0: Called Strike 0-1: Called Strike 0-2: Ball 1-2: Strikes out looking
|
|
Batting: LHB Dan Pasqua
|
0-0: Called Strike 0-1: Ground out 4-3 (Groundball, 4, EV 88.8 MPH)
|
| Top of the 2nd over - 0 runs, 0 hits, 0 errors, 0 left on base; Managua 0 - Santa Domingo 0 |
| BOTTOM OF THE 2ND |
|
Santa Domingo Colonials batting - Pitching for Managua Lagoon Monsters : LHP Gil Maldonado
|
|
Batting: RHB John Rabb
|
0-0: Ball 1-0: Called Strike 1-1: Fly out, F4 (Popup, 4, EV 78.8 MPH)
|
|
Batting: LHB Marvell Wynne
|
0-0: Foul Ball, location: 2F 0-1: Fly out, F8 (Line Drive, 8RD, EV 85.0 MPH)
|
|
Batting: RHB Ryne Sandberg
|
0-0: Called Strike 0-1: Ball 1-1: SINGLE (Groundball, 25, EV 71.3 MPH) (infield hit)
|
|
Batting: RHB Ken Gerhart
|
0-0: Ball 1-0: Ball 2-0: Ball 3-0: Base on Balls Ryne Sandberg to second
|
|
Batting: SHB Eddie Tanner
|
0-0: Called Strike 0-1: Ball 1-1: Ball 2-1: Fly out, F9 (Flyball, 9S, EV 88.8 MPH)
|
| Bottom of the 2nd over - 0 runs, 1 hit, 0 errors, 2 left on base; Managua 0 - Santa Domingo 0 |
| TOP OF THE 3RD |
|
Managua Lagoon Monsters batting - Pitching for Santa Domingo Colonials : RHP Gregorio Soto
|
|
Batting: LHB John D Morris
|
0-0: Called Strike 0-1: Foul Ball, location: 2F 0-2: Ball 1-2: Fly out, F5 (Line Drive, 5, EV 76.9 MPH)
|
|
Batting: LHB Gary Varsho
|
0-0: Ball 1-0: Ball 2-0: Ball 3-0: Base on Balls
|
|
Batting: LHB Matt Nokes
|
0-0: Ball Gary Varsho is caught stealing 2nd base 2-6 1-0: Ball 2-0: Ball 3-0: Called Strike 3-1: Swinging Strike 3-2: Ground out U3 (Groundball, 3S, EV 63.8 MPH)
|
| Top of the 3rd over - 0 runs, 0 hits, 0 errors, 0 left on base; Managua 0 - Santa Domingo 0 |
| BOTTOM OF THE 3RD |
|
Santa Domingo Colonials batting - Pitching for Managua Lagoon Monsters : LHP Gil Maldonado
|
|
Batting: RHB Mike Rubel
|
0-0: Called Strike 0-1: Foul Ball, location: 2F 0-2: Ball 1-2: Ball 2-2: Foul Ball, location: 2F 2-2: Foul Ball, location: 2F 2-2: Strikes out swinging
|
|
Batting: SHB Curt Bryan
|
0-0: Called Strike 0-1: Ball 1-1: Ball 2-1: Ball 3-1: Called Strike 3-2: Foul Ball, location: 2F 3-2: Base on Balls
|
|
Batting: SHB Bip Roberts
|
0-0: Ball 1-0: Ball 2-0: Ball 3-0: Called Strike 3-1: Foul Ball, location: 2F 3-2: Base on Balls Curt Bryan to second
|
|
Batting: LHB Mike Stenhouse
|
0-0: Fielders Choice at 2nd, 4-6 (Groundball, 34, EV 105.6 MPH) Curt Bryan to third
|
|
Batting: RHB John Rabb
|
0-0: Called Strike 0-1: Ball 1-1: Ball 2-1: Ball 3-1: Fielders Choice at 2nd, 6-4 (Groundball, 6, EV 102.5 MPH)
|
| Bottom of the 3rd over - 0 runs, 0 hits, 0 errors, 2 left on base; Managua 0 - Santa Domingo 0 |
| TOP OF THE 4TH |
|
Managua Lagoon Monsters batting - Pitching for Santa Domingo Colonials : RHP Gregorio Soto
|
|
Batting: LHB John Elway
|
0-0: Foul Ball, location: 2F 0-1: Ball 1-1: Foul Ball, location: 2F 1-2: Ball 2-2: Ball 3-2: Base on Balls
|
|
Batting: RHB Ivan Calderon
|
0-0: Called Strike 0-1: Ball 1-1: Ball 2-1: SINGLE (Groundball, 56D, EV 101.9 MPH) John Elway to second
|
|
Batting: LHB Tom Lombarski
|
0-0: Called Strike 0-1: Called Strike 0-2: Strikes out swinging
|
|
Batting: LHB Willie Gonzalez
|
0-0: Called Strike 0-1: Foul Ball, location: 2F 0-2: Ball 1-2: Ball 2-2: Ball 3-2: Foul Ball, location: 2F 3-2: SINGLE (Line Drive, 3D, EV 98.1 MPH) John Elway to third Ivan Calderon to second John Elway scores Ivan Calderon to third
|
|
Batting: RHB Randy Ready
|
0-0: Ball 1-0: Swinging Strike 1-1: Foul Ball, location: 2F 1-2: Ball 2-2: Ball 3-2: Foul Ball, location: 2F 3-2: Foul Ball, location: 2F 3-2: Ground out 6-3 (Groundball, 6MD, EV 83.8 MPH) Ivan Calderon scores Willie Gonzalez to second
|
|
Batting: LHB Dan Pasqua
|
0-0: Ground out 4-3 (Groundball, 4M, EV 86.9 MPH)
|
| Top of the 4th over - 2 runs, 2 hits, 0 errors, 1 left on base; Managua 2 - Santa Domingo 0 |
| BOTTOM OF THE 4TH |
|
Santa Domingo Colonials batting - Pitching for Managua Lagoon Monsters : LHP Gil Maldonado
|
|
Batting: LHB Marvell Wynne
|
0-0: Swinging Strike 0-1: Ball 1-1: SINGLE (Line Drive, 8LS, EV 99.4 MPH)
|
|
Batting: RHB Ryne Sandberg
|
0-0: Ball Marvell Wynne steals 2nd base (no throw) 1-0: Ball 2-0: Called Strike 2-1: SINGLE (Line Drive, 7S, EV 100.6 MPH) Marvell Wynne to third Runner from 3rd tries for Home, SAFE, throw by LF to home
|
|
Batting: RHB Ken Gerhart
|
0-0: Foul Ball, location: 2F 0-1: Ball 1-1: Ball 2-1: Ball 3-1: Fly out, F8 (Line Drive, 8RD, EV 86.3 MPH)
|
|
Batting: SHB Eddie Tanner
|
0-0: Ball 1-0: Called Strike 1-1: Foul Ball, location: 2F 1-2: Hit by Pitch Ryne Sandberg to second
|
|
Batting: RHB Mike Rubel
|
0-0: Called Strike 0-1: Swinging Strike 0-2: Strikes out looking
|
|
Batting: SHB Curt Bryan
|
0-0: Called Strike 0-1: Foul Ball, location: 2F 0-2: Ball 1-2: Foul Ball, location: 2F 1-2: SINGLE (Groundball, 34D, EV 96.9 MPH) Ryne Sandberg to third Eddie Tanner to second Runner from 3rd tries for Home, SAFE, throw by RF to home
|
|
Batting: SHB Bip Roberts
|
0-0: Ball 1-0: Ball 2-0: Ground out 4-3 (Groundball, 34D, EV 106.3 MPH)
|
| Bottom of the 4th over - 2 runs, 3 hits, 0 errors, 2 left on base; Managua 2 - Santa Domingo 2 |
| TOP OF THE 5TH |
|
Managua Lagoon Monsters batting - Pitching for Santa Domingo Colonials : RHP Gregorio Soto
|
|
Batting: LHB John D Morris
|
0-0: Swinging Strike 0-1: Ball 1-1: Swinging Strike 1-2: Strikes out looking
|
|
Batting: LHB Gary Varsho
|
0-0: Foul Ball, location: 2F 0-1: Swinging Strike 0-2: Ball 1-2: Strikes out swinging
|
|
Batting: LHB Matt Nokes
|
0-0: Ball 1-0: Foul Ball, location: 2F 1-1: Ball 2-1: Ground out 4-3 (Groundball, 4M, EV 106.9 MPH)
|
| Top of the 5th over - 0 runs, 0 hits, 0 errors, 0 left on base; Managua 2 - Santa Domingo 2 |
| BOTTOM OF THE 5TH |
|
Santa Domingo Colonials batting - Pitching for Managua Lagoon Monsters : LHP Gil Maldonado
|
|
Batting: LHB Mike Stenhouse
|
0-0: SINGLE (Groundball, 6D, EV 105.6 MPH)
|
|
Batting: RHB John Rabb
|
0-0: Called Strike 0-1: Swinging Strike 0-2: Ball 1-2: Strikes out swinging
|
|
Batting: LHB Marvell Wynne
|
0-0: Ball Mike Stenhouse is caught stealing 2nd base 2-6 1-0: Hit by Pitch
|
|
Batting: RHB Ryne Sandberg
|
0-0: Ball 1-0: Fielders Choice at 2nd, 5-4 (Groundball, 56, EV 76.9 MPH)
|
| Bottom of the 5th over - 0 runs, 1 hit, 0 errors, 1 left on base; Managua 2 - Santa Domingo 2 |
| TOP OF THE 6TH |
|
Managua Lagoon Monsters batting - Pitching for Santa Domingo Colonials : RHP Gregorio Soto
|
|
Batting: LHB John Elway
|
0-0: Called Strike 0-1: Ground out 1-3 (Groundball, 13S, EV 73.8 MPH)
|
|
Batting: RHB Ivan Calderon
|
0-0: Called Strike 0-1: Called Strike 0-2: Ball 1-2: Ball 2-2: Foul Ball, location: 2F 2-2: Strikes out swinging
|
|
Batting: LHB Tom Lombarski
|
0-0: Fly out, F8 (Line Drive, 8RM, EV 96.9 MPH)
|
| Top of the 6th over - 0 runs, 0 hits, 0 errors, 0 left on base; Managua 2 - Santa Domingo 2 |
| BOTTOM OF THE 6TH |
|
Santa Domingo Colonials batting - Pitching for Managua Lagoon Monsters : LHP Gil Maldonado
|
|
Batting: RHB Ken Gerhart
|
0-0: Foul Ball, location: 2F 0-1: Ball 1-1: Foul Ball, location: 2F 1-2: Strikes out swinging
|
|
Batting: SHB Eddie Tanner
|
0-0: Fly out, F9 (Flyball, 9, EV 94.4 MPH)
|
|
Batting: RHB Mike Rubel
|
0-0: Ball 1-0: Ball 2-0: Ball 3-0: Called Strike 3-1: Base on Balls
|
|
Batting: SHB Curt Bryan
|
0-0: Foul Ball, location: 2F 0-1: Fielders Choice at 2nd, 6-4 (Groundball, 6, EV 85.0 MPH)
|
| Bottom of the 6th over - 0 runs, 0 hits, 0 errors, 1 left on base; Managua 2 - Santa Domingo 2 |
| TOP OF THE 7TH |
|
Managua Lagoon Monsters batting - Pitching for Santa Domingo Colonials : RHP Gregorio Soto
|
|
Batting: LHB Willie Gonzalez
|
0-0: Called Strike 0-1: Ball 1-1: Ball 2-1: Ground out 6-3 (Groundball, 6, EV 82.5 MPH)
|
|
Batting: RHB Randy Ready
|
0-0: SINGLE (Line Drive, 4MD, EV 99.4 MPH)
|
|
Batting: LHB Dan Pasqua
|
0-0: Called Strike 0-1: Fielders Choice at 2nd, 4-6 (Groundball, 4, EV 85.6 MPH)
|
|
Batting: LHB John D Morris
|
0-0: Ball 1-0: Ball 2-0: Ball 3-0: Base on Balls Dan Pasqua to second
|
|
Batting: LHB Gary Varsho
|
0-0: Ball 1-0: Ball 2-0: Called Strike 2-1: Called Strike 2-2: SINGLE (Line Drive, 7LS, EV 96.9 MPH) Dan Pasqua to third John D Morris to second Runner from 3rd tries for Home, SAFE, throw by LF to home
|
|
Pitching: LHP Rick Adair
|
|
|
Batting: LHB Matt Nokes
|
0-0: Ball 1-0: Called Strike 1-1: SINGLE (Groundball, 6MD, EV 94.4 MPH) John D Morris to third Gary Varsho to second Runner from 3rd tries for Home, SAFE, throw by CF to home
|
|
Batting: LHB John Elway
|
0-0: Ball 1-0: Ball 2-0: Ball 3-0: Called Strike 3-1: Foul Ball, location: 2F 3-2: Base on Balls Gary Varsho to third Matt Nokes to second
|
|
Pitching: RHP Oscar Acosta
|
|
|
Batting: RHB Ivan Calderon
|
0-0: Ball 1-0: Ball 2-0: Called Strike 2-1: Ball 3-1: Ground out 5-3 (Groundball, 56S, EV 88.1 MPH)
|
| Top of the 7th over - 2 runs, 3 hits, 0 errors, 3 left on base; Managua 4 - Santa Domingo 2 |
| BOTTOM OF THE 7TH |
|
Santa Domingo Colonials batting - Pitching for Managua Lagoon Monsters : LHP Gil Maldonado
|
|
Batting: SHB Bip Roberts
|
0-0: Foul Ball, location: 2F 0-1: Ground out 3-1 (Groundball, 34, EV 83.1 MPH)
|
|
Batting: LHB Mike Stenhouse
|
0-0: Ball 1-0: Ball 2-0: Ball 3-0: Called Strike 3-1: Swinging Strike 3-2: Strikes out looking
|
|
Batting: RHB John Rabb
|
0-0: Fly out, F8 (Flyball, 89M, EV 93.8 MPH)
|
| Bottom of the 7th over - 0 runs, 0 hits, 0 errors, 0 left on base; Managua 4 - Santa Domingo 2 |
| TOP OF THE 8TH |
|
Managua Lagoon Monsters batting - Pitching for Santa Domingo Colonials : RHP Oscar Acosta
|
|
Batting: LHB Tom Lombarski
|
0-0: Ball 1-0: SINGLE (Flyball, 56D, EV 98.8 MPH)
|
|
Batting: LHB Willie Gonzalez
|
0-0: Grounds into double play, 3-6-3 (Groundball, 3S, EV 86.3 MPH)
|
|
Batting: RHB Randy Ready
|
0-0: Ball 1-0: Called Strike 1-1: Foul Ball, location: 2F 1-2: Ball 2-2: Ball 3-2: Base on Balls
|
|
Batting: LHB Dan Pasqua
|
0-0: Swinging Strike 0-1: Ball 1-1: Ball 2-1: Foul Ball, location: 2F 2-2: Foul Ball, location: 2F 2-2: Fly out, F8 (Line Drive, 8LD, EV 105.6 MPH)
|
| Top of the 8th over - 0 runs, 1 hit, 0 errors, 1 left on base; Managua 4 - Santa Domingo 2 |
| BOTTOM OF THE 8TH |
|
Santa Domingo Colonials batting - Pitching for Managua Lagoon Monsters : LHP Gil Maldonado
|
|
Batting: LHB Marvell Wynne
|
0-0: Ball 1-0: Ball 2-0: Ball 3-0: Base on Balls
|
|
Batting: RHB Ryne Sandberg
|
0-0: Foul Ball, location: 2F 0-1: Ball 1-1: SINGLE (Popup, 6MD, EV 63.8 MPH) Marvell Wynne to second
|
|
Batting: RHB Ken Gerhart
|
0-0: Ball 1-0: Ball 2-0: Called Strike 2-1: Ball 3-1: Swinging Strike 3-2: Fly out, F8 (Flyball, 8RXD, EV 95.6 MPH) Runner from 2nd tags up, SAFE at 3rd, no throw by CF
|
|
Pinch Hitting: RHB Ramon Estepa
|
0-0: Called Strike 0-1: Ball 1-1: Ball 2-1: Ball 3-1: Fly out, F9 (Line Drive, 9, EV 87.5 MPH) Runner from 3rd tags up, SCORES, throw by RF
|
|
Batting: RHB Mike Rubel
|
0-0: Ground out 5-3 (Groundball, 25, EV 94.4 MPH)
|
| Bottom of the 8th over - 1 run, 1 hit, 0 errors, 1 left on base; Managua 4 - Santa Domingo 3 |
| TOP OF THE 9TH |
|
Managua Lagoon Monsters batting - Pitching for Santa Domingo Colonials : RHP Oscar Acosta
|
|
Pitching: LHP Thomas Biko
|
|
|
Now in RF: Ramon Estepa
|
|
|
Batting: LHB John D Morris
|
0-0: Swinging Strike 0-1: Ball 1-1: Called Strike 1-2: Ball 2-2: Strikes out looking
|
|
Batting: LHB Gary Varsho
|
0-0: Ground out 6-3 (Groundball, 6M, EV 104.4 MPH)
|
|
Batting: LHB Matt Nokes
|
0-0: Fly out, F8 (Flyball, 89M, EV 81.9 MPH)
|
| Top of the 9th over - 0 runs, 0 hits, 0 errors, 0 left on base; Managua 4 - Santa Domingo 3 |
| BOTTOM OF THE 9TH |
|
Santa Domingo Colonials batting - Pitching for Managua Lagoon Monsters : LHP Gil Maldonado
|
|
Pitching: RHP Tom Niedenfuer
|
|
|
Now at 3B: Ed Hearn
|
|
|
Now in LF: Mark Carreon
|
|
|
Batting: SHB Curt Bryan
|
0-0: SINGLE (Flyball, 8LS, EV 95.6 MPH)
|
|
Batting: SHB Bip Roberts
|
0-0: Ball 1-0: Called Strike 1-1: Ball 2-1: Foul Ball, location: 2F 2-2: SINGLE (Groundball, 4MD, EV 99.4 MPH) Curt Bryan to second Runner from 2nd tries for 3rd, SAFE, throw by CF made to third
|
|
Batting: LHB Mike Stenhouse
|
0-0: Ball 1-0: Called Strike 1-1: Ball 2-1: Swinging Strike 2-2: Fly out, F4 (Popup, 4, EV 63.1 MPH)
|
|
Batting: RHB John Rabb
|
0-0: Ball 1-0: Foul Ball, location: 2F 1-1: Ball 2-1: Ball 3-1: Foul Ball, location: 2F 3-2: Fly out, F7 (Flyball, 7LM, EV 90.0 MPH) Runner from 3rd tags up, SCORES, throw by LF
|
|
Batting: LHB Marvell Wynne
|
0-0: Ball 1-0: Foul Ball, location: 2F 1-1: DOUBLE (Line Drive, 5D, EV 103.8 MPH) Bip Roberts to third Runner from 3rd tries for Home, SAFE, throw by LF to home
|
| Bottom of the 9th over - 2 runs, 3 hits, 0 errors, 0 left on base; Managua 4 - Santa Domingo 5 |
|